 Dungeon Crawl Stone Soup version 0.16.1-7-g2c6721e (webtiles) character file.

369 Jackel the Cudgeler (level 6, 0/44 HPs)
             Began as a Demonspawn Gladiator on Mar 29, 2015.
             Succumbed to a kobold's poison
             ... on level 3 of the Dungeon.
             The game lasted 00:05:52 (2407 turns).

Jackel the Cudgeler (Demonspawn Gladiator)          Turns: 2407, Time: 00:05:52

Health: 0/44       AC: 15    Str: 16    XL:     6   Next: 41%
Magic:  6/6        EV:  5    Int: 14    God:
Gold:   38         SH:  0    Dex: 13    Spells: 0 memorised, 5 levels left

rFire  . . .     SeeInvis .     a - +1 flail
rCold  + . .     Clarity  .     o - +1 plate armour
rNeg   . . .     SustAb   .     (no shield)
rPois  .         Gourm    .     (helmet restricted)
rElec  .         Spirit   .     i - +2 cloak
rCorr  .         Warding  .     (no gloves)
rMut   .         Stasis   .     (no boots)
MR     .....                    (no amulet)
Stlth  ..........               (no ring)
                                k - +3 ring of intelligence

@: lethally poisoned (0 -> -3), very slightly contaminated, hasted, invisible,
very quick, not resistant to hostile enchantments, extremely unstealthy
A: horns 1, icy blue scales 1, cold resistance 1, deterioration 2, nightstalker
1
a: no special abilities


You were on level 3 of the Dungeon.
You were hungry.

You visited 1 branch of the dungeon, and saw 3 of its levels.

You collected 38 gold pieces.

Inventory:

Hand weapons
 a - a +1 flail (weapon)
 t - a +2 dagger of draining
Missiles
 d - 3 throwing nets (quivered)
Armour
 c - a +0 helmet
 i - a +2 cloak (worn)
 o - a +1 plate armour (worn)
Jewellery
 k - a +3 ring of intelligence (left hand)
Magical devices
 m - a wand of frost (32)
Scrolls
 g - a scroll of identify
Comestibles
 f - a bread ration
 l - a beef jerky
 n - a meat ration
 u - 2 chunks of flesh


   Skills:
 - Level 2.0 Fighting
 * Level 6.7 Maces & Flails
 - Level 1.7 Throwing
 - Level 2.6 Dodging


You had 5 spell levels left.
You didn't know any spells.

Dungeon Overview and Level Annotations

Branches:
Dungeon (3/15)

Altars:


Innate Abilities, Weirdness & Mutations

You have a pair of small horns on your head.
You are partially covered in icy blue scales (AC +1).
You are slightly more attuned to the shadows.
Your flesh is cold resistant.
Your body is deteriorating.


Message History

You see here 2 poisoned needles.
* * * LOW HITPOINT WARNING * * *
You feel sick.
Your surroundings suddenly seem different.
* * * LOW HITPOINT WARNING * * *
You feel sick.
* * * LOW HITPOINT WARNING * * *
You feel sick.
You are feeling hungry.
An adder comes into view.
* * * LOW HITPOINT WARNING * * *
You feel sick.
You closely miss the adder.
* * * LOW HITPOINT WARNING * * *
You feel sick.
You closely miss the adder. Your headbutt misses the adder.
The adder bites you but does no damage.
You hit the adder! Your headbutt misses the adder.
The adder is severely wounded.
You die...

#.....#.#
#.........
#.#...#.#
#....†)...
##....#.#
#........<
#.....#.#
#.........
#.....#.#
#.........
#.....#.#
#.........
#.....#.#
###....###
###.#..#.#
#....#
#....@.#.#
#....#
#.##.#S.#.#
#....#
#.....#.#
#....#
#.....#.#
######
#.....#.#
#.....#.#
#....#(#######
...#§§......
#§#######


You could see an adder.

Vanquished Creatures
  Grinder (D:3)
  Crazy Yiuf (D:3)
  A worker ant (D:3)
  Jessica (D:2)
  2 adders (D:3)
  3 worms
  2 giant geckos (D:2)
  11 bats
  3 giant cockroaches
  9 goblins
  4 hobgoblins
  5 jackals (D:2)
  10 kobolds
  2 quokkas
  3 giant newts (D:1)
  9 rats
67 creatures vanquished.

Notes
Turn   | Place    | Note
--------------------------------------------------------------
     0 | D:1      | Jackel, the Demonspawn Gladiator, began the quest for the Orb.
     0 | D:1      | Reached XP level 1. HP: 16/16 MP: 1/1
   113 | D:1      | Reached skill level 3 in Maces & Flails
   133 | D:1      | Gained mutation: You are slightly more attuned to the shadows. [demonic ancestry]
   133 | D:1      | Reached XP level 2. HP: 15/22 MP: 2/2
   750 | D:2      | Reached XP level 3. HP: 12/27 MP: 3/3
  1162 | D:2      | Reached skill level 4 in Maces & Flails
  1800 | D:2      | Gained mutation: You have a pair of small horns on your head. [demonic ancestry]
  1800 | D:2      | Reached XP level 4. HP: 30/33 MP: 4/4
  1807 | D:2      | Noticed Jessica
  1815 | D:2      | Killed Jessica
  1909 | D:3      | Noticed Grinder
  1924 | D:3      | Killed Grinder
  1924 | D:3      | Reached skill level 6 in Maces & Flails
  1924 | D:3      | Gained mutation: You are partially covered in icy blue scales (AC +1). [demonic ancestry]
  1924 | D:3      | Reached XP level 5. HP: 11/38 MP: 5/5
  1924 | D:3      | Reached XP level 6. HP: 12/44 MP: 6/6
  2281 | D:3      | Noticed Crazy Yiuf
  2290 | D:3      | Killed Crazy Yiuf
  2378 | D:3      | Gained mutation: Your flesh is cold resistant. [potion of mutation]
  2378 | D:3      | Gained mutation: Your body is slowly deteriorating. [potion of mutation]
  2378 | D:3      | Gained mutation: Your body is deteriorating. [potion of mutation]
  2398 | D:3      | HP: 2/44 [poisoned by a kobold]
  2404 | D:3      | HP: 1/44 [poisoned by a kobold]
  2407 | D:3      | Succumbed to a kobold's poison

Action                   |  1- 3 |  4- 6 || total
-------------------------+-------+-------++-------
Melee: Flail             |   226 |    67 ||   293
Throw: Throwing net      |       |     1 ||     1
  Use: Scroll            |       |     7 ||     7
       Potion            |       |     5 ||     5
 Stab: Sleeping          |     1 |       ||     1
  Eat: Chunk             |     3 |     2 ||     5
